Flames vs Bruins

Created - May 4 2012 at 18:24

Goals
1 2 3 T
Flames 2 2 1 5
Bruins 0 1 0 1
Shots
1 2 3 T
Flames 12 19 10 41
Bruins 11 12 4 27

Period #1

1. Flames , Ryan Kesler 14 (Mikael Samuelsson, Dan Hamhuis) at 1:24
2. Flames , Niklas Kronwall 9 (Pierre-Marc Bouchard) at 12:12 (PP)

Penalties :
Dustin Brown (CGY) for Tripping (Minor) at 3:06, Adam McQuaid (BOS) for High sticking (Minor) at 10:44

Period #2

3. Flames , Ryan Kesler 15 (Toni Lydman, Mikael Samuelsson) at 0:19
4. Flames , Mikael Samuelsson 6 (Ryan Kesler) at 1:30
5. Bruins , Patrice Bergeron 2 (Milan Lucic, Dennis Seidenberg) at 14:56

Penalties :
David Krejci (BOS) for Fighting (Major) at 0:50, Dustin Brown (CGY) for Fighting (Major) at 0:50, Dustin Brown (CGY) for Hooking (Minor) at 8:41, Evander Kane (BOS) for Hooking (Minor) at 10:55, Tobias Enstrom (BOS) for Interference (Minor) at 15:01

Period #3

6. Flames , Anze Kopitar 9 (Dan Boyle, Robyn Regehr) at 15:02

Penalties :
Tobias Enstrom (BOS) for Slashing (Minor) at 4:20, John-Michael Liles (CGY) for Tripping (Minor) at 10:24, Adam McQuaid (BOS) for Interference (Minor) at 12:32, Zdeno Chara (BOS) for Boarding (Minor) at 19:20

Goalie Stats

Tim Thomas (CGY), 26 saves from 27 shots - (0.963), W, 12-3-1, 60:00 minutes
Tuukka Rask (BOS), 24 saves from 25 shots - (0.960), 38:30 minutes
Cam Ward (BOS), 12 saves from 16 shots - (0.750), L, 11-4-0, 21:30 minutes

Players Stats

Flames
Player Name              G  A  P  +/- PIM S  H  SB FO    MP 
------------------------------------------------------------
Andrew MacDonald         0  0  0  -1  0   2  1  2  0/0   15 
Anze Kopitar             1  0  1   0  0   4  3  1  20/40 24 
Brenden Morrow           0  0  0   3  0   3  4  0  0/2   22 
Dan Boyle                0  1  1   0  0   5  1  1  0/0   24 
Dan Hamhuis              0  1  1   3  0   0  1  0  0/0   18 
David Jones              0  0  0   0  0   5  0  0  0/1   17 
Devin Setoguchi          0  0  0   1  0   1  2  0  0/1   10 
Dustin Brown             0  0  0  -1  9   0  1  0  0/0   13 
John-Michael Liles       0  0  0   0  2   2  0  1  0/0   17 
Michael Grabner          0  0  0  -1  0   2  0  0  3/5   15 
Mikael Samuelsson        1  2  3   3  0   5  0  0  0/2   16 
Niklas Kronwall          1  0  1   0  0   2  0  0  0/0   20 
Pierre-Marc Bouchard     0  1  1   1  0   0  0  0  0/0   8  
Robyn Regehr             0  1  1   1  0   0  0  0  0/0   8  
Ryan Kesler              2  1  3   3  0   9  4  0  22/36 22 
Shawn Horcoff            0  0  0   0  0   1  1  0  9/15  12 
Tomas Kopecky            0  0  0   0  0   0  0  0  0/0   15 
Toni Lydman              0  1  1   3  0   0  2  0  0/0   19 
Bruins
Player Name              G  A  P  +/- PIM S  H  SB FO    MP 
------------------------------------------------------------
Adam McQuaid             0  0  0  -2  4   1  1  0  0/0   14 
Ales Hemsky              0  0  0  -1  0   5  0  0  0/1   19 
Brad Marchand            0  0  0   0  0   1  1  1  1/2   16 
Chris Kelly              0  0  0  -2  0   1  3  0  2/7   12 
Chris Kunitz             0  0  0  -1  0   0  0  0  1/2   19 
David Krejci             0  0  0  -1  5   1  1  0  18/34 21 
Dennis Seidenberg        0  1  1  -2  0   2  4  0  0/0   23 
Derick Brassard          0  0  0   0  0   0  1  0  6/12  12 
Evander Kane             0  0  0   0  2   2  1  0  1/3   12 
Jordan Leopold           0  0  0  -1  0   1  2  0  0/0   22 
Milan Lucic              0  1  1   0  0   3  2  0  1/6   16 
Nathan Horton            0  0  0   0  0   2  0  0  2/2   9  
Patrice Bergeron         1  0  1   0  0   2  0  0  12/25 11 
Rich Peverley            0  0  0  -2  0   2  0  0  3/3   11 
Tobias Enstrom           0  0  0  -1  4   0  1  2  0/0   19 
Tyler Seguin             0  0  0  -2  0   1  1  0  1/5   14 
Zach Bogosian            0  0  0   0  0   0  2  1  0/0   17 
Zdeno Chara              0  0  0   0  2   3  2  3  0/0   23 

3 Stars

1 - Ryan Kesler (CGY)
2 - Mikael Samuelsson (CGY)
3 - Tim Thomas (CGY)

Power Play

Flames - 1 on 6 Attempt(s) - 16.67%
Bruins - 0 on 3 Attempt(s) - 0.00%

Penalty Kill

Flames - 3 on 3 Attempt(s) - 100.00% - Score 0 goal in Penalty Kill
Bruins - 5 on 6 Attempt(s) - 83.33% - Score 0 goal in Penalty Kill

Game Notes

David Krejci and Dustin Brown fight to a draw at 0:50 of 2nd period
Tuukka Rask enters game at 1:30 of 2nd period

Finance

Level 1 -- Attendance: 6500 (100.00%) -- Ticket Income $487,500.00
Level 2 -- Attendance: 5000 (100.00%) -- Ticket Income $250,000.00
Level 3 -- Attendance: 3500 (100.00%) -- Ticket Income $105,000.00
Level 4 -- Attendance: 1565 (100.00%) -- Ticket Income $31,300.00
Luxury Box -- Attendance: 1000 (100.00%) -- Ticket Income $150,000.00
Game was played at the TD Garden
Total Attendance: 17565 (100.00%)
Total Ticket Income: $1,032,229.00
Other Income: $309,668.78
Total Income: $1,341,898.00


Play by Play

Period #1

0:01 of 1st period - Ryan Kesler wins face-off versus Patrice Bergeron in neutral zone.
0:08 of 1st period - Shot by Mikael Samuelsson.
0:08 of 1st period - Shot Misses the Net.
0:13 of 1st period - Milan Lucic is hit by Ryan Kesler and loses puck.
0:20 of 1st period - Shot by Nathan Horton.
0:20 of 1st period - Stopped by Tim Thomas with a rebound.
0:22 of 1st period - Shot by Milan Lucic.
0:22 of 1st period - Stopped by Tim Thomas without a rebound.
0:23 of 1st period - Anze Kopitar wins face-off versus David Krejci in Flames zone.
1:04 of 1st period - Shot by Andrew MacDonald.
1:04 of 1st period - Shot Blocked by Tobias Enstrom.
1:15 of 1st period - Icing by Jordan Leopold.
1:16 of 1st period - David Krejci wins face-off versus Ryan Kesler in Bruins zone.
1:18 of 1st period - Icing by Tobias Enstrom.
1:19 of 1st period - Ryan Kesler wins face-off versus David Krejci in Bruins zone.
1:24 of 1st period - Shot by Mikael Samuelsson.
1:24 of 1st period - Deflect By Ryan Kesler.
1:24 of 1st period - Goal by Ryan Kesler - Flames : 1 - Bruins : 0.
1:25 of 1st period - Nathan Horton wins face-off versus Shawn Horcoff in neutral zone.
1:32 of 1st period - Shot by Patrice Bergeron.
1:32 of 1st period - Stopped by Tim Thomas without a rebound.
1:33 of 1st period - Ryan Kesler wins face-off versus Derick Brassard in Flames zone.
1:33 of 1st period - Ryan Kesler is hit by Derick Brassard.
1:55 of 1st period - Shot by Ryan Kesler.
1:55 of 1st period - Shot Misses the Net.
1:57 of 1st period - Shot by Dan Hamhuis.
1:57 of 1st period - Shot Misses the Net.
1:59 of 1st period - Shot by Ryan Kesler.
1:59 of 1st period - Shot Blocked by Zdeno Chara.
2:50 of 1st period - Icing by Chris Kelly.
2:51 of 1st period - Rich Peverley wins face-off versus Shawn Horcoff in Bruins zone.
2:58 of 1st period - Shot by Chris Kelly.
2:58 of 1st period - Deflect By Rich Peverley.
2:58 of 1st period - Stopped by Tim Thomas without a rebound.
2:59 of 1st period - Anze Kopitar wins face-off versus David Krejci in Flames zone.
3:06 of 1st period - Minor Penalty to Dustin Brown for Tripping.
3:07 of 1st period - Anze Kopitar wins face-off versus Tyler Seguin in Flames zone.
3:24 of 1st period - Shot by Jordan Leopold.
3:24 of 1st period - Stopped by Tim Thomas without a rebound.
3:25 of 1st period - David Krejci wins face-off versus Anze Kopitar in Flames zone.
3:26 of 1st period - Shot by Ales Hemsky.
3:26 of 1st period - Stopped by Tim Thomas without a rebound.
3:27 of 1st period - Anze Kopitar wins face-off versus David Krejci in Flames zone.
4:51 of 1st period - Shot by Nathan Horton.
4:51 of 1st period - Shot Misses the Net.
5:14 of 1st period - Brad Marchand is hit by Dan Boyle and loses puck.
5:55 of 1st period - Shot by David Jones.
5:55 of 1st period - Stopped by Cam Ward with a rebound.
8:05 of 1st period - Shot by Adam McQuaid.
8:05 of 1st period - Stopped by Tim Thomas without a rebound.
8:06 of 1st period - Derick Brassard wins face-off versus Mikael Samuelsson in Flames zone.
8:35 of 1st period - Shot by Brad Marchand.
8:35 of 1st period - Shot Misses the Net.
9:45 of 1st period - Shot by Patrice Bergeron.
9:45 of 1st period - Shot Misses the Net.
10:25 of 1st period - Shot by Tomas Kopecky.
10:25 of 1st period - Shot Blocked by Zach Bogosian.
10:27 of 1st period - Shot by Tomas Kopecky.
10:27 of 1st period - Shot Misses the Net.
10:29 of 1st period - Shot by Niklas Kronwall.
10:29 of 1st period - Stopped by Cam Ward without a rebound.
10:30 of 1st period - Anze Kopitar wins face-off versus Brad Marchand in Bruins zone.
10:35 of 1st period - Shot by Michael Grabner.
10:35 of 1st period - Shot Misses the Net.
10:39 of 1st period - Shot by Michael Grabner.
10:39 of 1st period - Shot Misses the Net.
10:44 of 1st period - Minor Penalty to Adam McQuaid for High sticking.
10:45 of 1st period - Anze Kopitar wins face-off versus Patrice Bergeron in Bruins zone.
10:46 of 1st period - Shot by Andrew MacDonald.
10:46 of 1st period - Stopped by Cam Ward without a rebound.
10:47 of 1st period - Anze Kopitar wins face-off versus Patrice Bergeron in Bruins zone.
10:48 of 1st period - Shot by Dustin Brown.
10:48 of 1st period - Shot Misses the Net.
10:50 of 1st period - Shot by Dan Boyle.
10:50 of 1st period - Stopped by Cam Ward without a rebound.
10:51 of 1st period - Anze Kopitar wins face-off versus David Krejci in Bruins zone.
11:02 of 1st period - Shot by Anze Kopitar.
11:02 of 1st period - Shot Misses the Net.
11:04 of 1st period - Shot by Dan Boyle.
11:04 of 1st period - Stopped by Cam Ward without a rebound.
11:05 of 1st period - Patrice Bergeron wins face-off versus Anze Kopitar in Bruins zone.
11:50 of 1st period - Shot by Devin Setoguchi.
11:50 of 1st period - Stopped by Cam Ward without a rebound.
11:51 of 1st period - David Krejci wins face-off versus Devin Setoguchi in Bruins zone.
12:02 of 1st period - Shot by David Jones.
12:02 of 1st period - Shot Misses the Net.
12:12 of 1st period - Shot by Niklas Kronwall.
12:12 of 1st period - Goal by Niklas Kronwall - Flames : 2 - Bruins : 0.
12:13 of 1st period - David Krejci wins face-off versus Shawn Horcoff in neutral zone.
13:46 of 1st period - Dan Hamhuis is hit by Tyler Seguin and loses puck.
14:05 of 1st period - Shot by Tyler Seguin.
14:05 of 1st period - Stopped by Tim Thomas without a rebound.
14:06 of 1st period - Shawn Horcoff wins face-off versus Derick Brassard in Flames zone.
15:02 of 1st period - Shawn Horcoff is hit by Chris Kelly and loses puck.
15:15 of 1st period - Shot by Chris Kelly.
15:15 of 1st period - Shot Blocked by John-Michael Liles.
15:19 of 1st period - Shot by Rich Peverley.
15:19 of 1st period - Stopped by Tim Thomas without a rebound.
15:20 of 1st period - Patrice Bergeron wins face-off versus Anze Kopitar in Flames zone.
15:43 of 1st period - Shot by Nathan Horton.
15:43 of 1st period - Shot Misses the Net.
15:45 of 1st period - Shot by Nathan Horton.
15:45 of 1st period - Shot Blocked by Dan Boyle.
15:47 of 1st period - Shot by Dennis Seidenberg.
15:47 of 1st period - Stopped by Tim Thomas without a rebound.
15:48 of 1st period - Rich Peverley wins face-off versus Brenden Morrow in Flames zone.
15:48 of 1st period - Dennis Seidenberg is hit by Toni Lydman and loses puck.
16:15 of 1st period - Icing by Toni Lydman.
16:16 of 1st period - Ryan Kesler wins face-off versus David Krejci in Flames zone.
16:24 of 1st period - Off-side.
16:25 of 1st period - Derick Brassard wins face-off versus Anze Kopitar in neutral zone.
17:06 of 1st period - Shot by Michael Grabner.
17:06 of 1st period - Shot Blocked by Zdeno Chara.
17:10 of 1st period - Shot by Anze Kopitar.
17:10 of 1st period - Stopped by Cam Ward without a rebound.
17:11 of 1st period - David Krejci wins face-off versus Ryan Kesler in Bruins zone.
17:11 of 1st period - David Krejci is hit by Ryan Kesler.
17:36 of 1st period - Shot by Mikael Samuelsson.
17:36 of 1st period - Shot Misses the Net.
17:40 of 1st period - Shot by Ryan Kesler.
17:40 of 1st period - Shot Misses the Net.
17:42 of 1st period - Shot by Ryan Kesler.
17:42 of 1st period - Stopped by Cam Ward without a rebound.
17:43 of 1st period - Shawn Horcoff wins face-off versus Tyler Seguin in Bruins zone.
19:05 of 1st period - Shot by Anze Kopitar.
19:05 of 1st period - Deflect By Dustin Brown.
19:05 of 1st period - Shot Misses the Net.
19:09 of 1st period - Shot by Michael Grabner.
19:09 of 1st period - Deflect By Anze Kopitar.
19:09 of 1st period - Shot Blocked by Tobias Enstrom.
19:13 of 1st period - Shot by Anze Kopitar.
19:13 of 1st period - Stopped by Cam Ward without a rebound.
19:14 of 1st period - Brad Marchand wins face-off versus Ryan Kesler in Bruins zone.
19:25 of 1st period - Shot by Ryan Kesler.
19:25 of 1st period - Shot Misses the Net.
19:29 of 1st period - Shot by Ryan Kesler.
19:29 of 1st period - Shot Misses the Net.
19:31 of 1st period - Shot by Ryan Kesler.
19:31 of 1st period - Shot Blocked by Brad Marchand.
19:33 of 1st period - Shot by Dan Hamhuis.
19:33 of 1st period - Shot Misses the Net.
19:39 of 1st period - Shot by Ryan Kesler.
19:39 of 1st period - Stopped by Cam Ward without a rebound.
19:40 of 1st period - Anze Kopitar wins face-off versus Patrice Bergeron in Bruins zone.
19:59 of 1st period - Shot by Dennis Seidenberg.
19:59 of 1st period - Stopped by Tim Thomas without a rebound.

Period #2

0:01 of 2nd period - Ryan Kesler wins face-off versus Patrice Bergeron in neutral zone.
0:17 of 2nd period - Shot by Ryan Kesler.
0:17 of 2nd period - Shot Misses the Net.
0:19 of 2nd period - Shot by Toni Lydman.
0:19 of 2nd period - Deflect By Ryan Kesler.
0:19 of 2nd period - Goal by Ryan Kesler - Flames : 3 - Bruins : 0.
0:20 of 2nd period - David Krejci wins face-off versus Anze Kopitar in neutral zone.
0:49 of 2nd period - Shot by Anze Kopitar.
0:49 of 2nd period - Shot Misses the Net.
0:50 of 2nd period - David Krejci and Dustin Brown fight to a draw.
0:50 of 2nd period - Penalty to David Krejci for Fighting.
0:50 of 2nd period - Penalty to Dustin Brown for Fighting.
0:51 of 2nd period - Patrice Bergeron wins face-off versus Ryan Kesler in Bruins zone.
0:57 of 2nd period - Nathan Horton is hit by Toni Lydman.
0:59 of 2nd period - Shot by Zdeno Chara.
0:59 of 2nd period - Stopped by Tim Thomas without a rebound.
1:00 of 2nd period - Shawn Horcoff wins face-off versus Derick Brassard in Flames zone.
1:22 of 2nd period - Shot by David Jones.
1:22 of 2nd period - Stopped by Cam Ward without a rebound.
1:23 of 2nd period - Ryan Kesler wins face-off versus Chris Kelly in Bruins zone.
1:26 of 2nd period - Shot by Mikael Samuelsson.
1:26 of 2nd period - Stopped by Cam Ward with a rebound.
1:30 of 2nd period - Shot by Mikael Samuelsson.
1:30 of 2nd period - Goal by Mikael Samuelsson - Flames : 4 - Bruins : 0.
1:30 of 2nd period - Tuukka Rask enters game.
1:31 of 2nd period - Michael Grabner wins face-off versus Milan Lucic in neutral zone.
1:36 of 2nd period - Shot by Anze Kopitar.
1:36 of 2nd period - Shot Misses the Net.
1:38 of 2nd period - Shot by Anze Kopitar.
1:38 of 2nd period - Deflect By Michael Grabner.
1:38 of 2nd period - Stopped by Tuukka Rask without a rebound.
1:39 of 2nd period - Ryan Kesler wins face-off versus Chris Kelly in Bruins zone.
1:39 of 2nd period - Ryan Kesler is hit by Dennis Seidenberg.
1:42 of 2nd period - Brenden Morrow is hit by Dennis Seidenberg and loses puck.
1:51 of 2nd period - Shot by Rich Peverley.
1:51 of 2nd period - Shot Misses the Net.
2:39 of 2nd period - Shot by Chris Kunitz.
2:39 of 2nd period - Shot Misses the Net.
2:58 of 2nd period - Shot by Ales Hemsky.
2:58 of 2nd period - Stopped by Tim Thomas without a rebound.
2:59 of 2nd period - Anze Kopitar wins face-off versus Derick Brassard in Flames zone.
3:26 of 2nd period - Shot by Evander Kane.
3:26 of 2nd period - Stopped by Tim Thomas with a rebound.
3:28 of 2nd period - Shot by Zdeno Chara.
3:28 of 2nd period - Stopped by Tim Thomas with a rebound.
3:32 of 2nd period - Shot by Brad Marchand.
3:32 of 2nd period - Shot Blocked by Andrew MacDonald.
3:34 of 2nd period - Shot by Derick Brassard.
3:34 of 2nd period - Shot Blocked by Anze Kopitar.
3:36 of 2nd period - Shot by Zdeno Chara.
3:36 of 2nd period - Shot Misses the Net.
3:38 of 2nd period - Shot by Brad Marchand.
3:38 of 2nd period - Shot Misses the Net.
3:40 of 2nd period - Shot by Evander Kane.
3:40 of 2nd period - Shot Blocked by Andrew MacDonald.
3:42 of 2nd period - Shot by Brad Marchand.
3:42 of 2nd period - Stopped by Tim Thomas without a rebound.
3:43 of 2nd period - Shawn Horcoff wins face-off versus Milan Lucic in Flames zone.
3:43 of 2nd period - Shawn Horcoff is hit by Milan Lucic.
5:11 of 2nd period - Icing by Dennis Seidenberg.
5:12 of 2nd period - Ryan Kesler wins face-off versus Chris Kelly in Bruins zone.
5:15 of 2nd period - Shot by Brenden Morrow.
5:15 of 2nd period - Stopped by Tuukka Rask without a rebound.
5:16 of 2nd period - Anze Kopitar wins face-off versus Evander Kane in Bruins zone.
5:20 of 2nd period - Icing by Brad Marchand.
5:21 of 2nd period - Derick Brassard wins face-off versus Ryan Kesler in Bruins zone.
5:21 of 2nd period - Derick Brassard is hit by Brenden Morrow.
5:35 of 2nd period - Shot by Evander Kane.
5:35 of 2nd period - Stopped by Tim Thomas without a rebound.
5:36 of 2nd period - Milan Lucic wins face-off versus Anze Kopitar in Flames zone.
5:40 of 2nd period - Icing by Anze Kopitar.
5:41 of 2nd period - Michael Grabner wins face-off versus Milan Lucic in Flames zone.
6:20 of 2nd period - Shot by Jordan Leopold.
6:20 of 2nd period - Shot Misses the Net.
7:20 of 2nd period - Shot by Brenden Morrow.
7:20 of 2nd period - Shot Misses the Net.
7:24 of 2nd period - Shot by Brenden Morrow.
7:24 of 2nd period - Stopped by Tuukka Rask with a rebound.
8:07 of 2nd period - Icing by Niklas Kronwall.
8:08 of 2nd period - Shawn Horcoff wins face-off versus Patrice Bergeron in Flames zone.
8:18 of 2nd period - Icing by Zdeno Chara.
8:19 of 2nd period - Nathan Horton wins face-off versus Anze Kopitar in Bruins zone.
8:19 of 2nd period - Patrice Bergeron is hit by Devin Setoguchi and loses puck.
8:24 of 2nd period - Shot by Anze Kopitar.
8:24 of 2nd period - Stopped by Tuukka Rask without a rebound.
8:25 of 2nd period - Michael Grabner wins face-off versus Ales Hemsky in Bruins zone.
8:41 of 2nd period - Minor Penalty to Dustin Brown for Hooking.
8:42 of 2nd period - Ryan Kesler wins face-off versus Tyler Seguin in Flames zone.
9:09 of 2nd period - Shot by Nathan Horton.
9:09 of 2nd period - Stopped by Tim Thomas without a rebound.
9:10 of 2nd period - David Krejci wins face-off versus Anze Kopitar in Flames zone.
9:45 of 2nd period - Shot by Ales Hemsky.
9:45 of 2nd period - Stopped by Tim Thomas with a rebound.
10:20 of 2nd period - Icing by Dennis Seidenberg.
10:21 of 2nd period - Tyler Seguin wins face-off versus Anze Kopitar in Bruins zone.
10:21 of 2nd period - Tyler Seguin is hit by Anze Kopitar.
10:45 of 2nd period - Anze Kopitar is hit by Zach Bogosian and loses puck.
10:55 of 2nd period - Minor Penalty to Evander Kane for Hooking.
10:56 of 2nd period - David Krejci wins face-off versus Brenden Morrow in Bruins zone.
11:43 of 2nd period - Shot by Anze Kopitar.
11:43 of 2nd period - Shot Misses the Net.
11:45 of 2nd period - Shot by Dan Boyle.
11:45 of 2nd period - Stopped by Tuukka Rask without a rebound.
11:46 of 2nd period - Anze Kopitar wins face-off versus Patrice Bergeron in Bruins zone.
11:56 of 2nd period - Icing by Dustin Brown.
11:57 of 2nd period - Anze Kopitar wins face-off versus Patrice Bergeron in Flames zone.
12:08 of 2nd period - Shot by Dan Boyle.
12:08 of 2nd period - Stopped by Tuukka Rask without a rebound.
12:09 of 2nd period - David Krejci wins face-off versus Ryan Kesler in Bruins zone.
12:18 of 2nd period - Brad Marchand is hit by Brenden Morrow.
12:30 of 2nd period - Shot by Ryan Kesler.
12:30 of 2nd period - Stopped by Tuukka Rask without a rebound.
12:31 of 2nd period - David Krejci wins face-off versus Anze Kopitar in Bruins zone.
12:41 of 2nd period - Off-side.
12:42 of 2nd period - Anze Kopitar wins face-off versus Milan Lucic in neutral zone.
12:45 of 2nd period - Shot by Dan Boyle.
12:45 of 2nd period - Deflect By Michael Grabner.
12:45 of 2nd period - Stopped by Tuukka Rask without a rebound.
12:46 of 2nd period - Patrice Bergeron wins face-off versus Ryan Kesler in Bruins zone.
12:53 of 2nd period - Shot by Ryan Kesler.
12:53 of 2nd period - Stopped by Tuukka Rask with a rebound.
12:55 of 2nd period - Shot by Niklas Kronwall.
12:55 of 2nd period - Shot Misses the Net.
13:33 of 2nd period - Icing by Jordan Leopold.
13:34 of 2nd period - Shawn Horcoff wins face-off versus Chris Kunitz in Bruins zone.
14:22 of 2nd period - Shot by Chris Kelly.
14:22 of 2nd period - Stopped by Tim Thomas without a rebound.
14:23 of 2nd period - Evander Kane wins face-off versus Anze Kopitar in Flames zone.
14:46 of 2nd period - Icing by Dan Boyle.
14:47 of 2nd period - Patrice Bergeron wins face-off versus Anze Kopitar in Flames zone.
14:47 of 2nd period - Milan Lucic is hit by Andrew MacDonald and loses puck.
14:52 of 2nd period - Shot by Milan Lucic.
14:52 of 2nd period - Shot Misses the Net.
14:56 of 2nd period - Shot by Patrice Bergeron.
14:56 of 2nd period - Goal by Patrice Bergeron - Flames : 4 - Bruins : 1.
14:57 of 2nd period - Ryan Kesler wins face-off versus David Krejci in neutral zone.
15:01 of 2nd period - Minor Penalty to Tobias Enstrom for Interference.
15:02 of 2nd period - Ryan Kesler wins face-off versus Patrice Bergeron in Bruins zone.
15:03 of 2nd period - Shot by David Jones.
15:03 of 2nd period - Deflect By Ryan Kesler.
15:03 of 2nd period - Stopped by Tuukka Rask without a rebound.
15:04 of 2nd period - Anze Kopitar wins face-off versus Patrice Bergeron in Bruins zone.
15:27 of 2nd period - Shot by Andrew MacDonald.
15:27 of 2nd period - Deflect By Michael Grabner.
15:27 of 2nd period - Shot Misses the Net.
15:38 of 2nd period - Icing by Dan Boyle.
15:39 of 2nd period - Anze Kopitar wins face-off versus David Krejci in Flames zone.
16:04 of 2nd period - Icing by Dan Boyle.
16:05 of 2nd period - David Krejci wins face-off versus Anze Kopitar in Flames zone.
16:19 of 2nd period - Icing by Michael Grabner.
16:20 of 2nd period - Patrice Bergeron wins face-off versus Anze Kopitar in Flames zone.
16:28 of 2nd period - Icing by Anze Kopitar.
16:29 of 2nd period - Patrice Bergeron wins face-off versus Anze Kopitar in Flames zone.
16:34 of 2nd period - Shot by Milan Lucic.
16:34 of 2nd period - Stopped by Tim Thomas without a rebound.
16:35 of 2nd period - Ryan Kesler wins face-off versus David Krejci in Flames zone.
16:35 of 2nd period - Ryan Kesler is hit by Brad Marchand.
16:41 of 2nd period - Dennis Seidenberg is hit by Ryan Kesler and loses puck.
17:13 of 2nd period - Shot by Ryan Kesler.
17:13 of 2nd period - Stopped by Tuukka Rask without a rebound.
17:14 of 2nd period - Shawn Horcoff wins face-off versus David Krejci in Bruins zone.
17:35 of 2nd period - Shot by Ales Hemsky.
17:35 of 2nd period - Stopped by Tim Thomas with a rebound.
17:47 of 2nd period - Shot by Shawn Horcoff.
17:47 of 2nd period - Stopped by Tuukka Rask with a rebound.
18:04 of 2nd period - Icing by Dan Hamhuis.
18:05 of 2nd period - Ryan Kesler wins face-off versus Evander Kane in Flames zone.
18:10 of 2nd period - Derick Brassard is hit by Ryan Kesler and loses puck.
18:20 of 2nd period - Mikael Samuelsson is hit by Zach Bogosian and loses puck.
18:38 of 2nd period - Zdeno Chara is hit by Dan Hamhuis and loses puck.
19:07 of 2nd period - Shot by Dan Boyle.
19:07 of 2nd period - Stopped by Tuukka Rask without a rebound.
19:08 of 2nd period - Shawn Horcoff wins face-off versus Chris Kelly in Bruins zone.
19:08 of 2nd period - Shawn Horcoff is hit by Adam McQuaid.
19:14 of 2nd period - Shot by David Jones.
19:14 of 2nd period - Stopped by Tuukka Rask without a rebound.
19:15 of 2nd period - David Krejci wins face-off versus Anze Kopitar in Bruins zone.
19:19 of 2nd period - Icing by Jordan Leopold.
19:20 of 2nd period - David Krejci wins face-off versus Shawn Horcoff in Bruins zone.
19:41 of 2nd period - Shot by David Jones.
19:41 of 2nd period - Stopped by Tuukka Rask without a rebound.
19:42 of 2nd period - Chris Kelly wins face-off versus Anze Kopitar in Bruins zone.
19:42 of 2nd period - Dennis Seidenberg is hit by Anze Kopitar and loses puck.

Period #3

0:01 of 3rd period - Ryan Kesler wins face-off versus Patrice Bergeron in neutral zone.
0:01 of 3rd period - Ryan Kesler is hit by Milan Lucic.
0:04 of 3rd period - Mikael Samuelsson is hit by Dennis Seidenberg and loses puck.
0:41 of 3rd period - Ryan Kesler is hit by Zdeno Chara and loses puck.
1:19 of 3rd period - Andrew MacDonald is hit by Jordan Leopold.
2:55 of 3rd period - Devin Setoguchi is hit by Evander Kane and loses puck.
3:20 of 3rd period - Anze Kopitar is hit by Chris Kelly and loses puck.
3:30 of 3rd period - Dennis Seidenberg is hit by Anze Kopitar and loses puck.
3:49 of 3rd period - Tyler Seguin is hit by Devin Setoguchi and loses puck.
4:17 of 3rd period - Icing by Chris Kunitz.
4:18 of 3rd period - Ryan Kesler wins face-off versus David Krejci in Bruins zone.
4:18 of 3rd period - Mikael Samuelsson is hit by Tobias Enstrom and loses puck.
4:20 of 3rd period - Minor Penalty to Tobias Enstrom for Slashing.
4:21 of 3rd period - Patrice Bergeron wins face-off versus Ryan Kesler in Bruins zone.
4:21 of 3rd period - Milan Lucic is hit by Brenden Morrow and loses puck.
4:28 of 3rd period - Shot by Brenden Morrow.
4:28 of 3rd period - Stopped by Tuukka Rask without a rebound.
4:29 of 3rd period - Patrice Bergeron wins face-off versus Ryan Kesler in Bruins zone.
5:19 of 3rd period - Shot by Andrew MacDonald.
5:19 of 3rd period - Stopped by Tuukka Rask with a rebound.
6:30 of 3rd period - Off-side.
6:31 of 3rd period - Chris Kelly wins face-off versus Anze Kopitar in neutral zone.
6:33 of 3rd period - Off-side.
6:34 of 3rd period - David Krejci wins face-off versus Anze Kopitar in neutral zone.
7:12 of 3rd period - Icing by Robyn Regehr.
7:13 of 3rd period - Anze Kopitar wins face-off versus Chris Kelly in Flames zone.
7:38 of 3rd period - Off-side.
7:39 of 3rd period - Derick Brassard wins face-off versus Ryan Kesler in neutral zone.
7:50 of 3rd period - Shot by Evander Kane.
7:50 of 3rd period - Shot Misses the Net.
8:10 of 3rd period - Shot by Mikael Samuelsson.
8:10 of 3rd period - Stopped by Tuukka Rask without a rebound.
8:11 of 3rd period - Shawn Horcoff wins face-off versus Patrice Bergeron in Bruins zone.
8:30 of 3rd period - Shot by Tomas Kopecky.
8:30 of 3rd period - Shot Blocked by Zdeno Chara.
8:46 of 3rd period - Shot by Tomas Kopecky.
8:46 of 3rd period - Deflect By David Jones.
8:46 of 3rd period - Stopped by Tuukka Rask without a rebound.
8:47 of 3rd period - Anze Kopitar wins face-off versus David Krejci in Bruins zone.
8:51 of 3rd period - Icing by Chris Kunitz.
8:52 of 3rd period - Anze Kopitar wins face-off versus David Krejci in Bruins zone.
9:11 of 3rd period - Shot by Anze Kopitar.
9:11 of 3rd period - Shot Misses the Net.
9:13 of 3rd period - Shot by Devin Setoguchi.
9:13 of 3rd period - Shot Misses the Net.
10:04 of 3rd period - Shot by Ryan Kesler.
10:04 of 3rd period - Deflect By Mikael Samuelsson.
10:04 of 3rd period - Stopped by Tuukka Rask with a rebound.
10:06 of 3rd period - Shot by Toni Lydman.
10:06 of 3rd period - Shot Misses the Net.
10:08 of 3rd period - Shot by Mikael Samuelsson.
10:08 of 3rd period - Deflect By Ryan Kesler.
10:08 of 3rd period - Stopped by Tuukka Rask with a rebound.
10:10 of 3rd period - Shot by Dan Hamhuis.
10:10 of 3rd period - Shot Misses the Net.
10:12 of 3rd period - Shot by Dan Hamhuis.
10:12 of 3rd period - Shot Misses the Net.
10:16 of 3rd period - Shot by Mikael Samuelsson.
10:16 of 3rd period - Stopped by Tuukka Rask without a rebound.
10:17 of 3rd period - Derick Brassard wins face-off versus Shawn Horcoff in Bruins zone.
10:17 of 3rd period - Derick Brassard is hit by Shawn Horcoff.
10:24 of 3rd period - Minor Penalty to John-Michael Liles for Tripping.
10:25 of 3rd period - Ryan Kesler wins face-off versus Tyler Seguin in Flames zone.
11:10 of 3rd period - Icing by Zdeno Chara.
11:11 of 3rd period - Ryan Kesler wins face-off versus David Krejci in Bruins zone.
12:09 of 3rd period - Shot by Milan Lucic.
12:09 of 3rd period - Stopped by Tim Thomas with a rebound.
12:11 of 3rd period - Shot by Nathan Horton.
12:11 of 3rd period - Shot Misses the Net.
12:13 of 3rd period - Shot by Dennis Seidenberg.
12:13 of 3rd period - Shot Misses the Net.
12:24 of 3rd period - Icing by Ales Hemsky.
12:25 of 3rd period - Derick Brassard wins face-off versus Ryan Kesler in Bruins zone.
12:25 of 3rd period - Derick Brassard is hit by Brenden Morrow.
12:32 of 3rd period - Minor Penalty to Adam McQuaid for Interference.
12:33 of 3rd period - Ryan Kesler wins face-off versus Patrice Bergeron in Bruins zone.
12:34 of 3rd period - Shot by John-Michael Liles.
12:34 of 3rd period - Stopped by Tuukka Rask without a rebound.
12:35 of 3rd period - Patrice Bergeron wins face-off versus Ryan Kesler in Bruins zone.
12:54 of 3rd period - Shot by Brenden Morrow.
12:54 of 3rd period - Shot Misses the Net.
12:56 of 3rd period - Shot by John-Michael Liles.
12:56 of 3rd period - Stopped by Tuukka Rask without a rebound.
12:57 of 3rd period - Patrice Bergeron wins face-off versus Anze Kopitar in Bruins zone.
13:40 of 3rd period - Icing by John-Michael Liles.
13:41 of 3rd period - David Krejci wins face-off versus Ryan Kesler in Flames zone.
14:21 of 3rd period - Icing by David Jones.
14:22 of 3rd period - Patrice Bergeron wins face-off versus David Jones in Flames zone.
14:30 of 3rd period - Ryan Kesler is hit by Zdeno Chara.
14:35 of 3rd period - Brenden Morrow is hit by Dennis Seidenberg and loses puck.
14:42 of 3rd period - Pierre-Marc Bouchard is hit by Chris Kelly.
15:02 of 3rd period - Shot by Anze Kopitar.
15:02 of 3rd period - Goal by Anze Kopitar - Flames : 5 - Bruins : 1.
15:03 of 3rd period - David Krejci wins face-off versus Michael Grabner in neutral zone.
15:05 of 3rd period - Off-side.
15:06 of 3rd period - David Krejci wins face-off versus Mikael Samuelsson in neutral zone.
15:15 of 3rd period - Icing by Toni Lydman.
15:16 of 3rd period - Ryan Kesler wins face-off versus Derick Brassard in Flames zone.
15:34 of 3rd period - Shot by Brenden Morrow.
15:34 of 3rd period - Shot Misses the Net.
15:38 of 3rd period - Shot by Mikael Samuelsson.
15:38 of 3rd period - Shot Misses the Net.
15:56 of 3rd period - Shot by Zdeno Chara.
15:56 of 3rd period - Stopped by Tim Thomas without a rebound.
15:57 of 3rd period - Chris Kunitz wins face-off versus Michael Grabner in Flames zone.
16:02 of 3rd period - Shot by David Krejci.
16:02 of 3rd period - Stopped by Tim Thomas without a rebound.
16:03 of 3rd period - Anze Kopitar wins face-off versus David Krejci in Flames zone.
16:39 of 3rd period - Shot by David Krejci.
16:39 of 3rd period - Shot Misses the Net.
16:43 of 3rd period - Shot by Ales Hemsky.
16:43 of 3rd period - Stopped by Tim Thomas without a rebound.
16:44 of 3rd period - Rich Peverley wins face-off versus Shawn Horcoff in Flames zone.
17:22 of 3rd period - Shot by Dennis Seidenberg.
17:22 of 3rd period - Shot Misses the Net.
17:27 of 3rd period - Off-side.
17:28 of 3rd period - Ryan Kesler wins face-off versus Derick Brassard in neutral zone.
17:49 of 3rd period - Icing by Toni Lydman.
17:50 of 3rd period - David Krejci wins face-off versus Ryan Kesler in Flames zone.
17:56 of 3rd period - Icing by Dan Hamhuis.
17:57 of 3rd period - Ryan Kesler wins face-off versus David Krejci in Flames zone.
17:57 of 3rd period - Ryan Kesler is hit by David Krejci.
18:14 of 3rd period - Shot by Brenden Morrow.
18:14 of 3rd period - Shot Misses the Net.
18:37 of 3rd period - Anze Kopitar is hit by Jordan Leopold and loses puck.
19:18 of 3rd period - Zdeno Chara is hit by Dustin Brown and loses puck.
19:20 of 3rd period - Minor Penalty to Zdeno Chara for Boarding.
19:21 of 3rd period - Ryan Kesler wins face-off versus Milan Lucic in Bruins zone.
19:26 of 3rd period - Shot by Ryan Kesler.
19:26 of 3rd period - Shot Misses the Net.


Output by the SimonT Hockey Simulator (STHS) for Stephane Roy -- Original Page W3C XHTML 1.0 Valid